 Dungeon Crawl Stone Soup version 0.23.2-1-ga50397a (webtiles) character file.

Game seed: 1968634327710689650

362 diana the Twirler (level 6, 0/47 HPs)
             Began as a Demonspawn Gladiator on May 18, 2019.
             Splashed by a jelly's acid (10 damage)
             ... on level 5 of the Dungeon.
             The game lasted 00:03:22 (3347 turns).

diana the Twirler (Demonspawn Gladiator)            Turns: 3347, Time: 00:03:23

Health: 0/47       AC: -1    Str: 16    XL:     6   Next: 39%
Magic:  6/6        EV: 12    Int:  9    God:
Gold:   211        SH:  0    Dex: 15    Spells: 5/5 levels left

rFire    . . .     SeeInvis .   a - +0 quarterstaff
rCold    . . .     Gourm    .   (shield currently unavailable)
rNeg     . . .     Faith    .   m - +0 ring mail
rPois    .         Spirit   .   (helmet restricted)
rElec    .         Reflect  .   (no cloak)
rCorr    .         Harm     .   c - +0 pair of gloves
MR       .....                  (no boots)
Stlth    +.........             (no amulet)
HPRegen  0.15/turn              (no ring)
MPRegen  0.10/turn              (no ring)

@: corroded
A: horns 1, spiny 1, rot immunity
a: no special abilities


You were on level 5 of the Dungeon.
You were not hungry.

You visited 1 branch of the dungeon, and saw 5 of its levels.

You collected 211 gold pieces.

Inventory:

Hand Weapons
 a - a +0 quarterstaff (weapon)
Missiles
 d - 3 throwing nets (quivered)
Armour
 b - a +0 leather armour
 c - a +0 pair of gloves (worn)
 m - a +0 ring mail (worn)
Scrolls
 e - 4 scrolls of identify {unknown}
 g - 3 scrolls of immolation {unknown}
 h - 4 scrolls of remove curse {unknown}
 j - a scroll of noise {unknown}
 l - 2 scrolls of fear {unknown}
 n - 2 scrolls of teleportation {unknown}
 o - a scroll of enchant weapon {unknown}
 p - 2 scrolls of amnesia {unknown}
 r - 2 scrolls of random uselessness {unknown}
 s - 2 scrolls of enchant armour {unknown}
Potions
 i - 2 potions of curing {unknown}
 k - 2 potions of heal wounds {unknown}
 q - 2 potions of degeneration {unknown}
 t - 2 potions of flight {unknown}
 u - a potion of agility {unknown}
 v - a potion of ambrosia {unknown}
Comestibles
 f - 7 rations
 w - 2 chunks of flesh


   Skills:
 + Level 3.4 Fighting
 * Level 4.6 Staves
 - Level 1.7 Throwing
 + Level 2.3 Armour
 + Level 3.7 Dodging


You had 5 spell levels left.
You didn't know any spells.
Your spell library was empty.

Dungeon Overview and Level Annotations

Branches:
Dungeon (5/15)
 Temple: D:4-7

Altars:
Trog

Annotations:
D:3 3 runed translucent doors, Kahibar's ghost, weakling HOFi; bmj180's ghost, amateur HOAK; xveg's ghost, amateur MiBe


Innate Abilities, Weirdness & Mutations

You have a pair of small horns on your head.
You are partially covered in sharp spines.
You are immune to rotting.


Message History

You hit the jackal.
You kill the jackal!
You sock the ogre! You headbutt the ogre.
The ogre is severely wounded.
The ogre is struck by your spines. The ogre closely misses you.
You sock the ogre!
You kill the ogre!
You hit the jelly. The acid corrodes you!
Your hands burn!
Your headbutt misses the jelly.
The jelly is lightly wounded.
The jelly hits you. The acid corrodes you!
You are splashed with acid!
* * * LOW HITPOINT WARNING * * *
You hit the jelly but do no damage.
Your hands burn!
* * * LOW HITPOINT WARNING * * *
You headbutt the jelly.
The jelly is lightly wounded.
The jelly hits you.
* * * LOW HITPOINT WARNING * * *
You are splashed with acid!
You die...

... # ... # #.
#.# .# #. #.##.#
.###.......##..
......#........
#...†...# #J#
#@# # #.# #
#.##.##.#
#.......#
###########.####
#...<)......#
#.########### #.
.[


You could see a jelly.

Vanquished Creatures
  An ogre (D:5)
  A crimson imp (D:3)
  A gnoll shaman (D:5)
  A hound (D:4)
  A worker ant (D:4)
  5 gnolls
  4 adders
  2 worms
  A dart slug (D:3)
  3 leopard geckos
  4 orcs
  3 giant cockroaches
  7 goblins
  10 hobgoblins
  4 jackals (D:5)
  3 kobolds (D:2)
  A ball python skeleton (D:4)
  5 bats
  10 frilled lizards
  8 rats
75 creatures vanquished.

Vanquished Creatures (others)
  3 withered plants (D:3)
3 creatures vanquished.

Grand Total: 78 creatures vanquished

Notes
Turn   | Place    | Note
-------+----------+-------------------------------------------
     0 | D:1      | diana the Demonspawn Gladiator began the quest for the Orb.
     0 | D:1      | Reached XP level 1. HP: 16/16 MP: 1/1
   447 | D:1      | Gained mutation: You have a pair of small horns on your
                  | head. [demonic ancestry]
   447 | D:1      | Reached XP level 2. HP: 22/22 MP: 2/2
   516 | D:1      | Reached skill level 3 in Staves
   976 | D:2      | Gained mutation: You are partially covered in sharp spines.
                  | [demonic ancestry]
   976 | D:2      | Reached XP level 3. HP: 28/28 MP: 3/3
   977 | D:2      | Reached skill level 1 in Armour
  1830 | D:3      | Reached XP level 4. HP: 30/34 MP: 4/4
  1927 | D:3      | Found a runed translucent gate.
  1927 | D:3      | Found a runed translucent gate.
  1928 | D:3      | Found a runed translucent gate.
  1930 | D:3      | Noticed xveg's ghost (amateur MiBe)
  1930 | D:3      | Noticed bmj180's ghost (amateur HOAK)
  1930 | D:3      | Noticed Kahibar's ghost (weakling HOFi)
  2154 | D:3      | Found a bloodstained altar of Trog.
  2357 | D:4      | Reached skill level 4 in Staves
  2357 | D:4      | Reached XP level 5. HP: 27/40 MP: 5/5
  3287 | D:5      | Entered Level 5 of the Dungeon
  3321 | D:5      | Gained mutation: You are immune to rotting. [demonic
                  | ancestry]
  3321 | D:5      | Reached XP level 6. HP: 25/47 MP: 6/6
  3347 | D:5      | Splashed by a jelly's acid

Skill      XL: |  1  2  3  4  5 |
---------------+----------------+-----
Staves         | 3 4 |  4.6
Dodging        | 3 |  3.7
Armour         | 1 2 |  2.3
Fighting       | 3 |  3.4
Throwing       | |  1.7

Action                   |  1- 3 |  4- 6 || total
-------------------------+-------+-------++-------
Melee: Quarterstaff      |    86 |    82 ||   168
       Headbutt          |    10 |    15 ||    25
  Eat: Chunk             |     2 |     6 ||     8
Armor: Leather armour    |     7 |       ||     7
       Ring mail         |    16 |    33 ||    49
Dodge: Dodged            |    45 |    59 ||   104
